cohdb
Replays
Latest Replays
All Replays
Popular Replays
Top Player Replays
Match Explorer
How It Works
Community
CoH3 Stats
Reddit
Sign in to upload your games and track your stats! →
Sign in with Steam
Match 42043734
Unlisted
Match 42043734
Overview
Messages
Build Orders
End
Selects Australian Defense Battlegroup
Selects Australian Light Infantry Section
Australian Light Infantry Section
Royal Engineer Section
Australian Light Infantry Section
Construct Field Infirmary
Construct Section Command Post
Selects 2-pounder Anti-tank Gun Team
2-pounder Anti-tank Gun Team
Infantry Section
Infantry Section
Construct Platoon Command Post
folder
LittleRocketMan
0
0
Comments
sign in to comment!
No comments posted yet!